 Dungeon Crawl Stone Soup version 0.29-a0-11-ga75d3d97ab (webtiles) character file.

Game seed: 9051257777200681635

170 Pin the Skirmisher (level 5, -6/47 HPs)
             Began as a Hill Orc Fighter on Jan 29, 2022.
             Was a Believer of Lugonu.
             Mangled by a gnoll (12 damage)
             ... on level 4 of the Dungeon.
             The game lasted 00:04:45 (2284 turns).

Pin the Skirmisher (Hill Orc Fighter)               Turns: 2284, Time: 00:04:46

Health: -6/47      AC: 10    Str: 21    XL:     5   Next: 51%
Magic:  6/6        EV:  7    Int:  8    God:    Lugonu [**....]
Gold:   62         SH:  4    Dex: 10    Spells: 4/4 levels left

rFire   . . .      SeeInvis .   a - +0 war axe
rCold   . . .      Faith    .   c - +0 buckler
rNeg    . . .      Spirit   .   m - +0 chain mail
rPois   .          Reflect  .   (no helmet)
rElec   .          Harm     .   (no cloak)
rCorr   .          Rampage  .   (no gloves)
Will    .....                   g - +0 pair of boots
Stlth   ..........              f - amulet of regeneration
HPRegen 0.95/turn               (no ring)
MPRegen 0.10/turn               (no ring)

@: no status effects
A: no striking features
a: Renounce Religion, Convert to Beogh, Depart the Abyss, Bend Space


You were on level 4 of the Dungeon.
You worshipped Lugonu.
Lugonu was pleased with you.
You visited 1 branch of the dungeon, and saw 4 of its levels.

You collected 62 gold pieces.

Inventory:

Hand Weapons
 a - a +0 war axe (weapon)
Armour
 c - a +0 buckler (worn)
 g - a +0 pair of boots (worn)
 m - a +0 chain mail (worn)
Jewellery
 f - an amulet of regeneration (around neck)
Scrolls
 h - a scroll of enchant armour {unknown}
 i - a scroll of fog {unknown}
 j - a scroll of identify {unknown}
 k - 2 scrolls of brand weapon {unknown}
 l - a scroll of silence {unknown}
Potions
 d - a potion of might
 e - 2 potions of mutation {unknown}


   Skills:
 + Level 4.6 Fighting
 + Level 4.0 Axes
 + Level 4.2 Armour
 + Level 4.2 Shields
 + Level 2.1 Invocations


You had 4 spell levels left.
You didn't know any spells.
Your spell library contained the following spells:

 Spells                   Type           Power      Damage    Failure   Level
 Dazzling Flash           Conj/Hex       0%         N/A       100%        3
 Iskenderun's Mystic Bla  Conj/Tloc      0%         2d3       100%        4
 Starburst                Conj/Fire      0%         6d3       100%        6


Dungeon Overview and Level Annotations

Branches:
Dungeon (4/15)
 Temple: D:4-7

Altars:
Gozag
Makhleb
Lugonu


Message History

An orc comes into view. It is wielding a +0 hand axe.
You hear a shout!
A ball python comes into view.
The gnoll hits you with a +0 flail!
You barely miss the gnoll. The gnoll barely misses you.
The gnoll hits you with a +0 flail. The gnoll closely misses you.
You closely miss the gnoll.
The orc priest mumbles some strange prayers to Beogh against you.
Beogh smites you!
The gnoll hits you from afar with a +0 halberd.
The gnoll hits you but does no damage. You block the gnoll's attack.
You hit the gnoll.
The gnoll is moderately wounded.
The orc priest threatens, "By the altar or by the axe, you will meet Beogh!"
You hit the gnoll. The gnoll closely misses you.
The gnoll hits you with a +0 halberd! The gnoll barely misses you.
You hit the gnoll.
The gnoll is severely wounded.
You hit the gnoll.
The orc priest casts a cantrip, but nothing happens.
The gnoll barely misses you.
The orc priest invokes the aid of Beogh against you.
Beogh smites you!
* * * LOW HITPOINT WARNING * * *
You block the gnoll's attack.
You barely miss the gnoll.
The gnoll is severely wounded.
You slash the gnoll!
You kill the gnoll!
Lugonu accepts your kill.
You hit the gnoll. You block the gnoll's attack. The gnoll barely misses you.
The orc priest threatens, "By the altar or by the axe, you will meet Beogh!"
You hit the gnoll.
The gnoll is severely wounded.
You hit the gnoll. The gnoll closely misses you. x2
The gnoll hits you but does no damage.
You closely miss the gnoll.
The gnoll is severely wounded.
You barely miss the gnoll. The gnoll hits you with a +0 halberd!
You die...

#.# .... #.# .....
#.# o.... #.#
!..g.# #.#
.o...##.#
.###...#o####
o......ogg@)# #
###....o##g...#
##..<.o?......#
..............(...#
##S#####...######..
# .....# # .......#
.......... .....##


You could see an orc priest, 3 gnolls and 2 orcs.

Vanquished Creatures
  A vampire bat (D:3)
  A bullfrog skeleton (D:3)
  2 adders (D:3)
  A gnoll (D:4)
  A worm (D:2)
  4 dart slugs
  An orc (D:3)
  12 bats
  5 endoplasms
  7 hobgoblins
  5 jackals (D:1)
  6 kobolds
  A quokka (D:3)
  8 ball pythons
  3 frilled lizards
  4 goblins
  5 rats
67 creatures vanquished.

Vanquished Creatures (others)
  2 demonic plants (D:1)
2 creatures vanquished.

Grand Total: 69 creatures vanquished

Notes
Turn   | Place    | Note
-------+----------+-------------------------------------------
     0 | D:1      | Pin the Hill Orc Fighter began the quest for the Orb.
     0 | D:1      | Reached XP level 1. HP: 19/19 MP: 1/1
   161 | D:1      | Reached XP level 2. HP: 25/27 MP: 2/2
   512 | D:1      | Reached XP level 3. HP: 33/33 MP: 3/3
   592 | D:1      | Found a faded altar of an unknown god.
   592 | D:1      | Noticed a hellwing
   606 | D:1      | Prayed at the altar of an unknown god.
   606 | D:1      | Became a worshipper of Lugonu the Unformed
   606 | D:1      | Reached * piety under Lugonu
   606 | D:1      | Reached ** piety under Lugonu
   829 | D:2      | Found a burning altar of Makhleb.
   986 | D:2      | Identified the +7 dagger of Bodily Harmony {spect, rF+
                  | Str+6}
  1703 | D:3      | Reached skill level 1 in Invocations
  1703 | D:3      | Reached XP level 4. HP: 40/40 MP: 4/4
  1882 | D:3      | Found an opulent altar of Gozag.
  2076 | D:3      | Reached XP level 5. HP: 47/47 MP: 6/6
  2281 | D:4      | HP: 2/47 [orc priest/divine providence (16)]
  2284 | D:4      | Mangled by a gnoll

Illustrated notes

Levels and vault maps discovered:
D:1:      psy_arrival_fountain, layout_rooms,
          dreamdust_ecumenical_altar_sealed_demon, roderic_roman_lattice
D:2:      layout_basic, basic_altar, kennysheep_cluttered_room
D:3:      layout_rooms, nicolae_gozag_seed_capital, amcnicky_mini_pool_small,
          roderic_batcave
D:4:      layout_rooms, mainiacjoe_overflow_alcove_2, fedhas_altar_3,
          lemuel_coloured_pillars_altar, enter_ossuary_3

Skill      XL: |  1  2  3  4  5 |
---------------+----------------+-----
Axes           | 3 4 |  4.0
Fighting       | 4 |  4.6
Invocations    | 1 2 |  2.1
Shields        | 4 |  4.2
Armour         | 4 |  4.2

Action                   |  1- 3 |  4- 6 || total
-------------------------+-------+-------++-------
Melee: War axe           |   112 |    59 ||   171
Armor: Scale mail        |    54 |     9 ||    63
       Chain mail        |       |    45 ||    45
Dodge: Dodged            |    62 |    38 ||   100
Block: Buckler           |    23 |    27 ||    50

Table legend: (Time is in decaauts)
 A = Elapsed time spent in this place.
 B = Non-inter-level travel time spent in this place.
 C = Inter-level travel time spent in this place.
 D = Time resting spent in this place.
 E = Time spent auto-exploring this place.
 F = Levels seen in this place.
 G = Mean time per level.
                   A        B        C        D        E       F      G
               +--------+--------+--------+--------+--------+-----+--------+
         Total |   2346 |   2268 |     78 |     12 |   1771 |   4 |  586.5 |
       Dungeon |   2346 |   2268 |     78 |     12 |   1771 |   4 |  586.5 |
               +--------+--------+--------+--------+--------+-----+--------+

Top non-repeatable levels by time:
     D:1: 850 daAuts
     D:2: 841 daAuts
     D:3: 637 daAuts
     D:4: 17 daAuts
